[Event "GambitGuide"]
[Site "Internet Chess Club"]
[Date "2014.10.31"]
[Round "1"]
[White "JSBach"]
[Black "tazmanfox66"]
[Result "1-0"]
[ICCResult "Black checkmated"]
[WhiteElo "1634"]
[BlackElo "1524"]
[Opening "Vienna: `Frankenstein-Dracula' variation"]
[ECO "C27"]
[NIC "VG.02"]
[Time "23:17:53"]
[TimeControl "120+12"]

1. e4 e5 2. Nc3 Nf6 3. Bc4 Nxe4 4. Qh5 Nd6 5. Bb3 Nc6 6. Nb5 g6 7. Qf3 f5 8.
Qd5 Qe7 9. Nxc7+ Kd8 10. Nxa8 b6 11. d3 Bb7 12. Nxb6 axb6 13. Qf3 Kc7 14.
Bd2 e4 15. Qe3 exd3 16. cxd3 Qxe3+ 17. fxe3 Bg7 18. Rc1 Bxb2 19. Rc2 Bf6 20.
Nf3 Re8 21. O-O Kd8 22. Bd5 g5 23. Rcc1 g4 24. Ne1 h5 25. Rc2 Bg5 26. Kh1
Bxe3 27. g3 Bxd2 28. Rxd2 Ne7 29. Bxb7 Nxb7 30. Rc2 Nc5 31. Kg2 Nd5 32. Kf2
Ne3 33. Rxc5 bxc5 34. Rg1 d5 35. a4 d4 36. a5 Re7 37. Ng2 Ra7 38. Ra1 Kc7
39. Nxe3 dxe3+ 40. Kxe3 Kc6 41. d4 cxd4+ 42. Kxd4 Ra6 43. Kc4 Kd6 44. Kb5
Ra8 45. Rd1+ Ke5 46. Re1+ Kd4 47. a6 Rb8+ 48. Ka5 Ra8 49. Rf1 Ke4 50. Re1+
Kf3 51. Re5 f4 52. Rf5 Kg2 53. Rxf4 Kh3 54. Rf2 Ra7 55. Kb6 Ra8 56. Kb7 Rf8
57. Rxf8 h4 58. gxh4 Kxh4 59. Rh8+ Kg5 60. a7 g3 61. hxg3 Kg4 62. Rg8+ Kf3
63. a8=Q Kg2 64. g4 Kg1 65. g5 Kg2 66. g6 Kg1 67. Rf8 Kg2 68. Kc7+ Kg3 69.
g7 Kh2 70. g8=Q Kh3 71. Qh1# {Black checkmated} 1-0

[Event "GambitGuide"]
[Site "Internet Chess Club"]
[Date "2014.10.31"]
[Round "1"]
[White "JSBach"]
[Black "marabu"]
[Result "1-0"]
[ICCResult "Black checkmated"]
[WhiteElo "1634"]
[BlackElo "1939"]
[Opening "Vienna: `Frankenstein-Dracula' variation"]
[ECO "C27"]
[NIC "VG.02"]
[Time "23:18:06"]
[TimeControl "120+12"]

1. e4 e5 2. Nc3 Nf6 3. Bc4 Nxe4 4. Qh5 Nd6 5. Bb3 Nc6 6. Nb5 g6 7. Qf3 f5 8.
Qd5 Qe7 9. Nxc7+ Kd8 10. Nxa8 b6 11. d3 Bb7 12. Nxb6 axb6 13. Qf3 Kc7 14.
Bd2 Bg7 15. Bc3 Rf8 16. Bd5 g5 17. Qe3 f4 18. Qf3 e4 19. dxe4 Bxc3+ 20. bxc3
Na5 21. Ne2 Bxd5 22. exd5 Qe4 23. Qxe4 Nxe4 24. f3 Nf6 25. h4 h6 26. Rd1 Nc4
27. Rd4 Ne3 28. d6+ Kc6 29. Kf2 b5 30. hxg5 hxg5 31. Rd2 Nc4 32. Rd3 Ne5 33.
Rdd1 Nc4 34. Nd4+ Kb6 35. Nf5 Ra8 36. Rh6 Ne8 37. Re1 Kc6 38. Rh8 Nc7 39.
Rxa8 Nxa8 40. Rb1 Nab6 41. Nd4+ Kxd6 42. Rxb5 Kc7 43. Rc5+ Kb7 44. Rxg5 Nd6
45. g4 fxg3+ 46. Rxg3 Kc7 47. Ke2 Nbc4 48. a4 Nb2 49. a5 Nbc4 50. Rg5 Kb7
51. Rd5 Ka6 52. f4 Kb7 53. f5 Kc7 54. f6 Kd8 55. a6 Nc8 56. f7 Ke7 57. Rxd7+
Kxd7 58. f8=Q N4d6 59. a7 Nxa7 60. Qg7+ Kd8 61. Qf6+ Kc7 62. Qe7+ Kb6 63.
Qxd6+ Ka5 64. Nb3+ Kb5 65. c4+ Kxc4 66. Qc5# {Black checkmated} 1-0

[Event "GambitGuide"]
[Site "Internet Chess Club"]
[Date "2014.10.31"]
[Round "1"]
[White "JSBach"]
[Black "LittleMaster"]
[Result "0-1"]
[ICCResult "White checkmated"]
[WhiteElo "1621"]
[BlackElo "2304"]
[Opening "Vienna: `Frankenstein-Dracula' variation"]
[ECO "C27"]
[NIC "VG.02"]
[Time "23:18:43"]
[TimeControl "120+12"]

1. e4 e5 2. Nc3 Nf6 3. Bc4 Nxe4 4. Qh5 Nd6 5. Bb3 Nc6 6. Nb5 g6 7. Qf3 f5 8.
Qd5 Qe7 9. Nxc7+ Kd8 10. Nxa8 b6 11. d3 Bb7 12. Nxb6 axb6 13. Qf3 Kc7 14.
Be3 f4 15. Bd2 h5 16. Rc1 g5 17. c3 g4 18. Qd1 Bh6 19. Bd5 e4 20. dxe4 Nxe4
21. Qe2 Re8 22. Qxe4 Qf8 23. Ne2 Rxe4 24. Bxe4 f3 25. Bxh6 Qxh6 26. gxf3 Ne5
27. Kd1 Nxf3 28. Bxf3 Bxf3 29. Re1 Qd6+ 30. Kc2 Qxh2 31. Kb3 Qxf2 32. Ng1
Bd5+ 33. c4 Be6 34. Rf1 Qg3+ 35. Rc3 Qg2 36. Re1 h4 37. a4 h3 38. Ne2 Qf2
39. Rcc1 g3 40. Nc3 h2 41. Nb5+ Kb7 42. Nd6+ Kc6 43. Ne4 Qf3+ 44. Ka2 g2 45.
Nd2 Qg4 46. Re4 Qxe4 47. Nxe4 g1=Q 48. Rxg1 hxg1=Q 49. Kb3 Qg2 50. Nc3 Qf1
51. Kc2 Bxc4 52. Kd2 Qd3+ 53. Kc1 Bb3 54. Nb5 Qc2# {White checkmated} 0-1

[Event "GambitGuide"]
[Site "Internet Chess Club"]
[Date "2014.10.31"]
[Round "1"]
[White "JSBach"]
[Black "losscause"]
[Result "1-0"]
[ICCResult "Black resigns"]
[WhiteElo "1621"]
[BlackElo "1290"]
[Opening "Vienna: `Frankenstein-Dracula' variation"]
[ECO "C27"]
[NIC "VG.02"]
[Time "23:19:52"]
[TimeControl "120+12"]

1. e4 e5 2. Nc3 Nf6 3. Bc4 Nxe4 4. Qh5 Nd6 5. Bb3 Nc6 6. Nb5 g6 7. Qf3 f5 8.
Qd5 Qe7 9. Nxc7+ Kd8 10. Nxa8 b6 11. d3 Bb7 12. Nxb6 axb6 13. Qf3 Nd4 14.
Qh3 Bg7 15. Be3 Nxb3 16. Bxb6+ Kc8 17. axb3 Bf6 18. Ne2 e4 19. d4 Nb5 20.
Bc5 Qe6 21. Nf4 Qe8 22. c3 e3 23. fxe3 Be4 24. O-O g5 25. Nh5 Be7 26. Rxf5
Bxc5 27. Rxc5+ {Black resigns} 1-0

[Event "GambitGuide"]
[Site "Internet Chess Club"]
[Date "2014.10.31"]
[Round "1"]
[White "JSBach"]
[Black "Svinotigr"]
[Result "1-0"]
[ICCResult "Black resigns"]
[WhiteElo "1621"]
[BlackElo "1757"]
[Opening "Vienna: `Frankenstein-Dracula' variation"]
[ECO "C27"]
[NIC "VG.02"]
[Time "23:16:24"]
[TimeControl "120+12"]

1. e4 e5 2. Nc3 Nf6 3. Bc4 Nxe4 4. Qh5 Nd6 5. Bb3 Nc6 6. Nb5 g6 7. Qf3 f5 8.
Qd5 Qe7 9. Nxc7+ Kd8 10. Nxa8 b6 11. d3 Bb7 12. Nxb6 axb6 13. Qf3 Nd4 14.
Qh3 e4 15. Be3 exd3 16. O-O-O Nxb3+ 17. cxb3 Ba6 18. Bxb6+ Kc8 19. Nf3 Ne4
20. Bd4 Bg7 21. Be3 Qe6 22. Kb1 Kb7 23. Rc1 h5 24. Rhd1 g5 25. Nd4 Bxd4 26.
Bxd4 Rc8 27. Rxc8 Kxc8 28. Qxh5 Qd5 29. Qh6 d6 30. Qh8+ Kb7 31. Qg7+ Kc6 32.
Qa7 Qb5 33. a4 Qxb3 34. Qxa6+ Kd5 35. Rxd3 Qb4 36. Bc3+ {Black resigns} 1-0

[Event "GambitGuide"]
[Site "Internet Chess Club"]
[Date "2014.10.31"]
[Round "1"]
[White "JSBach"]
[Black "luckypawns"]
[Result "0-1"]
[ICCResult "White checkmated"]
[WhiteElo "1627"]
[BlackElo "1817"]
[Opening "Vienna: `Frankenstein-Dracula' variation"]
[ECO "C27"]
[NIC "VG.02"]
[Time "23:21:21"]
[TimeControl "120+12"]

1. e4 e5 2. Nc3 Nf6 3. Bc4 Nxe4 4. Qh5 Nd6 5. Bb3 Nc6 6. Nb5 g6 7. Qf3 f5 8.
Qd5 Qe7 9. Nxc7+ Kd8 10. Nxa8 b6 11. d3 Bb7 12. Nxb6 axb6 13. Qf3 Nd4 14.
Qh3 Bg7 15. Be3 h5 16. Rd1 g5 17. Rc1 g4 18. Qg3 f4 19. c3 fxg3 20. cxd4
exd4 21. hxg3 dxe3 22. f3 gxf3 23. gxf3 Bxb2 24. Rc2 Ba3 25. Kf1 Rf8 26. Ke2
Nf5 27. Ke1 Nxg3 28. Rhh2 Bxf3 29. Nxf3 Rxf3 30. Rh1 e2 31. d4 Rf1+ 32. Kd2
e1=Q+ 33. Kd3 Rxh1 34. Rc8+ Kxc8 35. Kc4 Q1b4+ 36. Kd5 Qe6# {White
checkmated} 0-1

[Event "GambitGuide"]
[Site "Internet Chess Club"]
[Date "2014.10.31"]
[Round "1"]
[White "JSBach"]
[Black "trivialpursuit"]
[Result "0-1"]
[ICCResult "White checkmated"]
[WhiteElo "1627"]
[BlackElo "1634"]
[Opening "Vienna: `Frankenstein-Dracula' variation"]
[ECO "C27"]
[NIC "VG.02"]
[Time "23:10:16"]
[TimeControl "120+12"]

1. e4 e5 2. Nc3 Nf6 3. Bc4 Nxe4 4. Qh5 Nd6 5. Bb3 Nc6 6. Nb5 g6 7. Qf3 f5 8.
Qd5 Qe7 9. Nxc7+ Kd8 10. Nxa8 b6 11. d3 Bb7 12. Nxb6 axb6 13. Qf3 Kc7 14. c3
Bg7 15. Bd5 Re8 16. Be3 e4 17. dxe4 fxe4 18. Qh3 Qe5 19. Qxh7 Qxd5 20. Qxg7
Nf5 21. Qxg6 Nxe3 22. Qg3+ Ne5 23. fxe3 Kc8 24. Ke2 Qd3+ 25. Ke1 Qc2 26. Nh3
Qxb2 27. Rd1 Qxc3+ 28. Kf1 Qc2 29. Nf2 Nd3 30. Rxd3 exd3 31. Qg4 d2 32. Kg1
Qc1+ 33. Nd1 Rxe3 34. Kf2 Re4 35. Qg8+ Kc7 36. Qg3+ Kc6 37. Qc3+ Qxc3 38.
Nxc3 Rd4 39. Rd1 b5 40. h4 b4 41. Nb1 Rxh4 42. Kg3 Rd4 43. Rxd2 Rxd2 44.
Nxd2 Kc5 45. Nb3+ Kc4 46. Na5+ Kc3 47. Nxb7 Kb2 48. Nc5 Kxa2 49. Kf4 d6 50.
g4 dxc5 51. g5 b3 52. g6 b2 53. g7 b1=Q 54. g8=Q+ Qb3 55. Qa8+ Kb2 56. Qg2+
Kc3 57. Qg7+ Kb4 58. Qe7 Qc4+ 59. Kg5 Qd5+ 60. Kf4 Kc3 61. Qe3+ Kb4 62. Qe7
Qd4+ 63. Kg3 Kb3 64. Qb7+ Kc3 65. Qe7 c4 66. Qa3+ Kc2 67. Qa4+ Kd3 68. Qd1+
Ke4 69. Qf3+ Ke5 70. Qh5+ Kd6 71. Qg6+ Kc5 72. Qf5+ Qd5 73. Qc8+ Kb4 74. Qc7
Qd3+ 75. Kf4 c3 76. Qb6+ Ka3 77. Qc5+ Kb2 78. Qb4+ Kc2 79. Qa4+ Kd2 80. Qa2+
Qc2 81. Qa8 Kd1 82. Qf3+ Kc1 83. Qf1+ Kb2 84. Qb5+ Qb3 85. Qe5 Qc4+ 86. Ke3
Kb3 87. Qb8+ Kc2 88. Qh2+ Kb1 89. Qd6 c2 90. Qb6+ Kc1 91. Qf6 Qc5+ 92. Ke2
Qh5+ 93. Ke1 Qh1+ 94. Ke2 Qg2+ 95. Kd3 Qg3+ 96. Kd4 Kd1 97. Qf8 c1=Q 98.
Qf1+ Qe1 99. Qf3+ Qe2 100. Qh1+ Kc2 101. Qh7+ Kb2 102. Qb7+ Ka1 103. Qa7+
Qa2 104. Qxa2+ Kxa2 105. Kd5 Kb3 106. Kd4 Qc3+ 107. Kd5 Qd3+ 108. Ke5 Kc4
109. Ke6 Qe4+ 110. Kf7 Qc6 111. Ke7 Kd5 112. Kf7 Qe6+ 113. Kg7 Ke5 114. Kf8
Qd7 115. Kg8 Kf6 116. Kf8 Qf7# {White checkmated} 0-1

[Event "GambitGuide"]
[Site "Internet Chess Club"]
[Date "2014.10.31"]
[Round "1"]
[White "JSBach"]
[Black "fearlessone"]
[Result "0-1"]
[ICCResult "White checkmated"]
[WhiteElo "1627"]
[BlackElo "1812"]
[Opening "Vienna: `Frankenstein-Dracula' variation"]
[ECO "C27"]
[NIC "VG.02"]
[Time "23:18:48"]
[TimeControl "120+12"]

1. e4 e5 2. Nc3 Nf6 3. Bc4 Nxe4 4. Qh5 Nd6 5. Bb3 Nc6 6. Nb5 g6 7. Qf3 f5 8.
Qd5 Qe7 9. Nxc7+ Kd8 10. Nxa8 b6 11. d3 Bb7 12. Nxb6 axb6 13. Qf3 Bg7 14.
Be3 Nd4 15. Qh3 Nxb3 16. Bxb6+ Kc8 17. axb3 g5 18. b4 h5 19. Ra7 f4 20. f3
Kb8 21. Ne2 Bf6 22. O-O Nc8 23. Bc5 d6 24. Ra5 dxc5 25. bxc5 Bc6 26. Rfa1
Bd7 27. g4 hxg4 28. Qg2 Bc6 29. Qxg4 Qh7 30. Qg2 g4 31. Qf2 Bh4 32. Qf1 gxf3
33. Qd1 fxe2 34. Qxe2 Qg7+ 35. Kf1 f3 36. Qd2 Qg2+ 37. Qxg2 fxg2+ 38. Kg1
Rf8 39. h3 Bf2+ 40. Kh2 Rg8 41. h4 g1=Q+ 42. Rxg1 Bxg1+ 43. Kh3 Bg2#
{White checkmated}
0-1

[Event "GambitGuide"]
[Site "Internet Chess Club"]
[Date "2014.10.31"]
[Round "1"]
[White "JSBach"]
[Black "LATEBLOOMER"]
[Result "1-0"]
[ICCResult "Black checkmated"]
[WhiteElo "1627"]
[BlackElo "1231"]
[Opening "Vienna: `Frankenstein-Dracula' variation"]
[ECO "C27"]
[NIC "VG.02"]
[Time "23:20:04"]
[TimeControl "120+12"]

1. e4 e5 2. Nc3 Nf6 3. Bc4 Nxe4 4. Qh5 Nd6 5. Bb3 Nc6 6. Nb5 g6 7. Qf3 f5 8.
Qd5 Qe7 9. Nxc7+ Kd8 10. Nxa8 b6 11. d3 Qe6 12. Bg5+ Be7 13. Qxe6 dxe6 14.
Ba4 Bxg5 15. Bxc6 Nb7 16. h4 Be7 17. Nf3 e4 18. dxe4 fxe4 19. Rd1+ Bd6 20.
Bxb7 Bxb7 21. Ne5 Ke7 22. Rxd6 Kxd6 23. Nf7+ Kd7 24. Nxb6+ Ke7 25. Nxh8 Kf8
26. Nd7+ Kg7 27. Nc5 Bd5 28. c4 Bc6 29. Nxg6 hxg6 30. Nxe6+ Kf6 31. Nd4 Bb7
32. b4 Ke5 33. Nb5 a6 34. Na7 Kd6 35. c5+ Kc7 36. b5 a5 37. b6+ Kb8 38. c6
Ba6 39. c7+ Kb7 40. c8=Q+ Kxb6 41. Qb8+ Kc5 42. Qc7+ Kb4 43. Qb6+ Bb5 44.
Qxb5+ Ka3 45. Qb3# {Black checkmated} 1-0

[Event "GambitGuide"]
[Site "Internet Chess Club"]
[Date "2014.10.31"]
[Round "1"]
[White "JSBach"]
[Black "cgs"]
[Result "1-0"]
[ICCResult "Black resigns"]
[WhiteElo "1642"]
[BlackElo "1340"]
[Opening "Vienna: `Frankenstein-Dracula' variation"]
[ECO "C27"]
[NIC "VG.02"]
[Time "23:21:48"]
[TimeControl "120+12"]

1. e4 e5 2. Nc3 Nf6 3. Bc4 Nxe4 4. Qh5 Nd6 5. Bb3 Nc6 6. Nb5 g6 7. Qf3 f5 8.
Qd5 Qe7 9. Nxc7+ Kd8 10. Nxa8 b6 11. d3 Bb7 12. Nxb6 axb6 13. Qf3 Nd4 14.
Qh3 Nxb3 15. axb3 Qe6 16. Be3 Kc7 17. b4 Nb5 18. c3 h5 19. f3 f4 20. Qxe6
dxe6 21. Bf2 g5 22. Nh3 g4 23. Ng5 Bd5 24. Ra6 Be7 25. Nf7 Rb8 26. Nxe5 gxf3
27. Nxf3 Bxf3 28. gxf3 Nd6 29. Ra7+ Kd8 30. Rg1 Ne8 31. b5 Bc5 32. Bh4+ Kc8
33. Rg8 {Black resigns} 1-0

[Event "GambitGuide"]
[Site "Internet Chess Club"]
[Date "2014.10.31"]
[Round "1"]
[White "JSBach"]
[Black "luckypawns"]
[Result "0-1"]
[ICCResult "White checkmated"]
[WhiteElo "1642"]
[BlackElo "1817"]
[Opening "Vienna: `Frankenstein-Dracula' variation"]
[ECO "C27"]
[NIC "VG.02"]
[Time "23:24:06"]
[TimeControl "120+12"]

1. e4 e5 2. Nc3 Nf6 3. Bc4 Nxe4 4. Qh5 Nd6 5. Bb3 Nc6 6. Nb5 g6 7. Qf3 f5 8.
Qd5 Qe7 9. Nxc7+ Kd8 10. Nxa8 b6 11. d3 Bb7 12. Nxb6 axb6 13. Qf3 Nd4 14.
Qg3 Bg7 15. Bg5 Bf6 16. Bxf6 Qxf6 17. Ba4 b5 18. Bb3 h5 19. c3 g5 20. cxd4
f4 21. Qh3 g4 22. Rc1 gxh3 23. Nxh3 Bxg2 24. Rg1 Bxh3 25. d5 Re8 26. a4 e4
27. d4 Qxd4 28. Rc3 Bg4 29. a5 b4 30. Rxg4 hxg4 31. Rc2 e3 32. Re2 exf2+ 33.
Kf1 Rxe2 34. Kxe2 f3+ 35. Kf1 Ne4 36. Bc2 Qc4+ 37. Bd3 Qxd3# {White
checkmated} 0-1

[Event "GambitGuide"]
[Site "Internet Chess Club"]
[Date "2014.10.31"]
[Round "1"]
[White "JSBach"]
[Black "fearlessone"]
[Result "0-1"]
[ICCResult "White checkmated"]
[WhiteElo "1642"]
[BlackElo "1812"]
[Opening "Vienna: `Frankenstein-Dracula' variation"]
[ECO "C27"]
[NIC "VG.02"]
[Time "23:24:00"]
[TimeControl "120+12"]

1. e4 e5 2. Nc3 Nf6 3. Bc4 Nxe4 4. Qh5 Nd6 5. Bb3 Nc6 6. Nb5 g6 7. Qf3 f5 8.
Qd5 Qe7 9. Nxc7+ Kd8 10. Nxa8 b6 11. d3 Bb7 12. Nxb6 axb6 13. Qf3 Bg7 14.
Be3 Nd4 15. Qh3 Nxb3 16. Bxb6+ Kc8 17. axb3 g5 18. b4 h5 19. Ra7 f4 20. Nf3
g4 21. Qh4 Bf6 22. Bd8 Qxd8 23. Qxf6 Qxf6 24. Nd2 Kb8 25. Ra5 Bxg2 26. Rg1
f3 27. Ra6 Kb7 28. Ne4 Nxe4 29. Rxf6 Nxf6 30. b3 Rc8 31. Kd2 e4 32. Re1 exd3
33. Kxd3 Re8 34. Rxe8 Nxe8 35. Kd4 Nf6 36. Ke5 h4 37. Kxf6 g3 38. hxg3 hxg3
39. fxg3 f2 40. Kg7 f1=Q 41. c4 Qf3 42. b5 Qxg3+ 43. Kf6 Qxb3 44. Ke7 Qxc4
45. Kxd7 Qxb5+ 46. Ke6 Qd3 47. Kf6 Bf1 48. Ke5 Be2 49. Ke6 Kc6 50. Ke5 Qd5+
51. Kf4 Bc4 52. Ke3 Kc5 53. Kf4 Qd4+ 54. Kf3 Kd5 55. Kg3 Qf6 56. Kg4 Ke5 57.
Kh3 Qg7 58. Kh4 Kf4 59. Kh3 Qg3# {White checkmated} 0-1

[Event "GambitGuide"]
[Site "Internet Chess Club"]
[Date "2014.10.31"]
[Round "1"]
[White "JSBach"]
[Black "cgs"]
[Result "1-0"]
[ICCResult "Black resigns"]
[WhiteElo "1642"]
[BlackElo "1340"]
[Opening "Vienna: `Frankenstein-Dracula' variation"]
[ECO "C27"]
[NIC "VG.02"]
[Time "23:25:24"]
[TimeControl "120+12"]

1. e4 e5 2. Nc3 Nf6 3. Bc4 Nxe4 4. Qh5 Nd6 5. Bb3 Nc6 6. Nb5 g6 7. Qf3 f5 8.
Qd5 Qe7 9. Nxc7+ Kd8 10. Nxa8 b6 11. d3 Nb5 12. Qxb5 {Black resigns} 1-0

[Event "GambitGuide"]
[Site "Internet Chess Club"]
[Date "2014.10.31"]
[Round "1"]
[White "JSBach"]
[Black "luckypawns"]
[Result "0-1"]
[ICCResult "White checkmated"]
[WhiteElo "1648"]
[BlackElo "1817"]
[Opening "Vienna: `Frankenstein-Dracula' variation"]
[ECO "C27"]
[NIC "VG.02"]
[Time "23:25:25"]
[TimeControl "120+12"]

1. e4 e5 2. Nc3 Nf6 3. Bc4 Nxe4 4. Qh5 Nd6 5. Bb3 Nc6 6. Nb5 g6 7. Qf3 f5 8.
Qd5 Qe7 9. Nxc7+ Kd8 10. Nxa8 b6 11. d3 Bb7 12. Nxb6 axb6 13. Qf3 Nd4 14.
Qg3 Bg7 15. Bg5 Bf6 16. Bxf6 Qxf6 17. Ba4 b5 18. Bb3 h5 19. c3 g5 20. cxd4
f4 21. Qh3 g4 22. Rc1 gxh3 23. Nxh3 Bxg2 24. Rg1 Bxh3 25. d5 Re8 26. a4 e4
27. d4 Qxd4 28. Rc3 b4 29. Rxh3 e3 30. fxe3 Rxe3+ 31. Rxe3 Qxe3+ 32. Kf1 f3
33. Bd1 Ne4 34. Rg8+ Kc7 35. d6+ Kxd6 36. Rg6+ Kc7 37. Rg2 fxg2+ 38. Kxg2
Qd2+ 39. Kf3 Ng5+ 40. Kg3 Qxd1 41. Kf4 Qg4+ 42. Ke3 Qe4+ 43. Kd2 Nf3+ 44.
Kc1 Qc4+ 45. Kd1 b3 46. a5 Nd4 47. Kd2 Qc2+ 48. Ke3 Qxb2 49. Kd3 Qc2+ 50.
Kxd4 b2 51. h4 b1=Q 52. Ke5 Qf5+ 53. Kd4 Qbd3# {White checkmated} 0-1

[Event "GambitGuide"]
[Site "Internet Chess Club"]
[Date "2014.10.31"]
[Round "1"]
[White "JSBach"]
[Black "fearlessone"]
[Result "1-0"]
[ICCResult "Black checkmated"]
[WhiteElo "1648"]
[BlackElo "1812"]
[Opening "Vienna: `Frankenstein-Dracula' variation"]
[ECO "C27"]
[NIC "VG.02"]
[Time "23:25:25"]
[TimeControl "120+12"]

1. e4 e5 2. Nc3 Nf6 3. Bc4 Nxe4 4. Qh5 Nd6 5. Bb3 Nc6 6. Nb5 g6 7. Qf3 f5 8.
Qd5 Qe7 9. Nxc7+ Kd8 10. Nxa8 b6 11. d3 Bb7 12. Nxb6 axb6 13. Qf3 Bg7 14.
Qg3 Nd4 15. Bg5 Bf6 16. Bxf6 Qxf6 17. Ba4 b5 18. Bb3 Nxb3 19. axb3 g5 20.
Nh3 Rg8 21. O-O h5 22. f4 exf4 23. Rxf4 h4 24. Rxh4 Qxb2 25. Re1 Qxc2 26.
Rd4 Nf7 27. Qb8+ Bc8 28. Qb6+ Qc7 29. Qf6# {Black checkmated} 1-0

[Event "GambitGuide"]
[Site "Internet Chess Club"]
[Date "2014.10.31"]
[Round "1"]
[White "JSBach"]
[Black "Svinotigr"]
[Result "1-0"]
[ICCResult "Black resigns"]
[WhiteElo "1653"]
[BlackElo "1757"]
[Opening "Vienna: `Frankenstein-Dracula' variation"]
[ECO "C27"]
[NIC "VG.02"]
[Time "23:22:52"]
[TimeControl "120+12"]

1. e4 e5 2. Nc3 Nf6 3. Bc4 Nxe4 4. Qh5 Nd6 5. Bb3 Nc6 6. Nb5 g6 7. Qf3 f5 8.
Qd5 Qe7 9. Nxc7+ Kd8 10. Nxa8 b6 11. d3 Bb7 12. Nxb6 axb6 13. Qf3 Nd4 14.
Qg3 Bg7 15. Bg5 Bf6 16. Bxf6 Qxf6 17. Ba4 b5 18. Bb3 g5 19. Nh3 g4 20. Ng1
h5 21. h3 f4 22. Qh2 f3 23. g3 e4 24. hxg4 exd3 25. O-O-O dxc2 26. Re1 Nc4
27. Bxc4 bxc4 28. gxh5 Qa6 29. Qh4+ Kc8 30. Qxd4 Qxa2 31. Qxh8+ Kc7 32. Qe5+
d6 33. Qe7+ Kc6 34. Qe8+ Kb6 35. Qe3+ Kb5 36. Kxc2 Qa4+ 37. Kb1 d5 38. h6
{Black resigns}
1-0

[Event "GambitGuide"]
[Site "Internet Chess Club"]
[Date "2014.10.31"]
[Round "1"]
[White "JSBach"]
[Black "TRE57"]
[Result "1-0"]
[ICCResult "Black resigns"]
[WhiteElo "1653"]
[BlackElo "1482"]
[Opening "Vienna: `Frankenstein-Dracula' variation"]
[ECO "C27"]
[NIC "VG.02"]
[Time "23:25:28"]
[TimeControl "120+12"]

1. e4 e5 2. Nc3 Nf6 3. Bc4 Nxe4 4. Qh5 Nd6 5. Bb3 Nc6 6. Nb5 g6 7. Qf3 f5 8.
Qd5 Qe7 9. Nxc7+ Kd8 10. Nxa8 b6 11. d3 Bg7 12. Nh3 Bb7 13. Bg5 Bf6 14. Nxb6
axb6 15. g3 Bxg5 16. Nxg5 Nd4 17. Nf7+ Nxf7 18. Qxb7 Qf6 19. Ba4 Nc6 20.
Qxb6+ Ke7 21. Bb3 Nd6 22. Bd5 Rc8 23. b4 e4 24. O-O exd3 25. cxd3 Kf8 26.
Rfe1 Kg7 27. Rac1 Qd8 28. Qxd8 Rxd8 29. Bxc6 dxc6 30. Rxc6 Kh6 31. a4 Nf7
32. Re7 Ng5 33. Rc3 Nf3+ 34. Kg2 Ne1+ 35. Rxe1 {Black resigns} 1-0

[Event "GambitGuide"]
[Site "Internet Chess Club"]
[Date "2014.10.31"]
[Round "1"]
[White "JSBach"]
[Black "cgs"]
[Result "1-0"]
[ICCResult "Black resigns"]
[WhiteElo "1651"]
[BlackElo "1340"]
[Opening "Vienna: `Frankenstein-Dracula' variation"]
[ECO "C27"]
[NIC "VG.02"]
[Time "23:26:15"]
[TimeControl "120+12"]

1. e4 e5 2. Nc3 Nf6 3. Bc4 Nxe4 4. Qh5 Nd6 5. Bb3 Nc6 6. Nb5 g6 7. Qf3 f5 8.
Qd5 Qe7 9. Nxc7+ Kd8 10. Nxa8 b6 11. d3 Nb4 12. Qf3 Bb7 13. Qe3 Bxg2 14. a3
Nc6 15. Bd5 Bxh1 16. Bxh1 h5 17. Nxb6 axb6 18. Qxb6+ Ke8 19. Bxc6 dxc6 20.
Qxc6+ Kf7 21. Qd5+ Ke8 22. Be3 {Black resigns} 1-0

[Event "GambitGuide"]
[Site "Internet Chess Club"]
[Date "2014.10.31"]
[Round "1"]
[White "JSBach"]
[Black "fearlessone"]
[Result "1-0"]
[ICCResult "Black resigns"]
[WhiteElo "1651"]
[BlackElo "1812"]
[Opening "Vienna: `Frankenstein-Dracula' variation"]
[ECO "C27"]
[NIC "VG.02"]
[Time "23:26:54"]
[TimeControl "120+12"]

1. e4 e5 2. Nc3 Nf6 3. Bc4 Nxe4 4. Qh5 Nd6 5. Bb3 Nc6 6. Nb5 g6 7. Qf3 f5 8.
Qd5 Qe7 9. Nxc7+ Kd8 10. Nxa8 b6 11. d3 Bb7 12. Nxb6 axb6 13. Qf3 Bg7 14.
Be3 Nd4 15. Qh3 Nxb3 16. Bxb6+ Kc8 17. axb3 g5 18. Ne2 f4 19. b4 h5 20. Ra5
g4 21. Rc5+ Kb8 22. Bc7+ Ka7 23. Ra5+ Ba6 24. Bxd6 Qxd6 25. Nc3 Kb6 26. Qh4
Bf6 27. Nd5+ Qxd5 28. Qxf6+ Qc6 29. Qxh8 {Black resigns} 1-0

[Event "GambitGuide"]
[Site "Internet Chess Club"]
[Date "2014.10.31"]
[Round "1"]
[White "JSBach"]
[Black "fearlessone"]
[Result "1-0"]
[ICCResult "Black resigns"]
[WhiteElo "1651"]
[BlackElo "1812"]
[Opening "Vienna: `Frankenstein-Dracula' variation"]
[ECO "C27"]
[NIC "VG.02"]
[Time "23:27:47"]
[TimeControl "120+12"]

1. e4 e5 2. Nc3 Nf6 3. Bc4 Nxe4 4. Qh5 Nd6 5. Bb3 Nc6 6. Nb5 g6 7. Qf3 f5 8.
Qd5 Qe7 9. Nxc7+ Kd8 10. Nxa8 b6 11. d3 Bb7 12. Nxb6 axb6 13. Qf3 Bg7 14.
Be3 Nd4 15. Qh3 Nxb3 16. Bxb6+ Kc8 17. axb3 g5 18. Qg3 h5 19. Bc5 f4 20.
Bxd6 Qe6 21. Qxg5 {Black resigns} 1-0

[Event "GambitGuide"]
[Site "Internet Chess Club"]
[Date "2014.10.31"]
[Round "1"]
[White "JSBach"]
[Black "LATEBLOOMER"]
[Result "1-0"]
[ICCResult "Black checkmated"]
[WhiteElo "1656"]
[BlackElo "1231"]
[Opening "Vienna: `Frankenstein-Dracula' variation"]
[ECO "C27"]
[NIC "VG.02"]
[Time "23:27:35"]
[TimeControl "120+12"]

1. e4 e5 2. Nc3 Nf6 3. Bc4 Nxe4 4. Qh5 Nd6 5. Bb3 Nc6 6. Nb5 g6 7. Qf3 f5 8.
Qd5 Qe7 9. Nxc7+ Kd8 10. Nxa8 b6 11. d3 Bb7 12. Nxb6 axb6 13. Qf3 Nd4 14.
Qg3 Nxb3 15. axb3 Nb5 16. Bg5 Bxg2 17. Qxg2 Nd4 18. Ra8+ Kc7 19. Bxe7 Nxc2+
20. Kd2 Nd4 21. Ra7+ Kc8 22. Qb7# {Black checkmated} 1-0

[Event "GambitGuide"]
[Site "Internet Chess Club"]
[Date "2014.10.31"]
[Round "1"]
[White "JSBach"]
[Black "luckypawns"]
[Result "0-1"]
[ICCResult "White checkmated"]
[WhiteElo "1656"]
[BlackElo "1817"]
[Opening "Vienna: `Frankenstein-Dracula' variation"]
[ECO "C27"]
[NIC "VG.02"]
[Time "23:26:54"]
[TimeControl "120+12"]

1. e4 e5 2. Nc3 Nf6 3. Bc4 Nxe4 4. Qh5 Nd6 5. Bb3 Nc6 6. Nb5 g6 7. Qf3 f5 8.
Qd5 Qe7 9. Nxc7+ Kd8 10. Nxa8 b6 11. d3 Bb7 12. Nxb6 axb6 13. Qf3 Nd4 14.
Qg3 Bg7 15. Bg5 Bf6 16. Bxf6 Qxf6 17. Ba4 b5 18. Bb3 h5 19. c3 g5 20. cxd4
f4 21. Qh3 g4 22. Rc1 gxh3 23. Nxh3 Bxg2 24. Rg1 Bxh3 25. d5 Re8 26. Bd1 e4
27. Bxh5 exd3+ 28. Bxe8 Qe5+ 29. Kd2 Qe2+ 30. Kc3 Ne4+ 31. Kb3 Kxe8 32. Rge1
Qf3 33. Rc8+ Kf7 34. Rg1 d2+ 35. Kc2 Bf5 36. b3 Nxf2+ 37. Kb2 d1=Q 38. Rxd1
Nxd1+ 39. Ka3 Qxd5 40. Kb4 f3 41. Rc5 Qd2+ 42. Kxb5 f2 43. Rxf5+ Kg6 44. Rf8
Nc3+ 45. Kc4 Ne2 46. Kb5 Nf4 47. Rg8+ Kf7 48. Rd8 f1=Q+ 49. Kb6 Qb4+ 50. Kc7
Ne6+ 51. Kc8 Qa6+ 52. Kxd7 Nxd8 53. Kxd8 Qbd6# {White checkmated} 0-1

[Event "GambitGuide"]
[Site "Internet Chess Club"]
[Date "2014.10.31"]
[Round "1"]
[White "JSBach"]
[Black "fearlessone"]
[Result "0-1"]
[ICCResult "White checkmated"]
[WhiteElo "1660"]
[BlackElo "1812"]
[Opening "Vienna: `Frankenstein-Dracula' variation"]
[ECO "C27"]
[NIC "VG.02"]
[Time "23:28:09"]
[TimeControl "120+12"]

1. e4 e5 2. Nc3 Nf6 3. Bc4 Nxe4 4. Qh5 Nd6 5. Bb3 Nc6 6. Nb5 g6 7. Qf3 f5 8.
Qd5 Qe7 9. Nxc7+ Kd8 10. Nxa8 b6 11. d3 Bb7 12. Nxb6 axb6 13. Qf3 Bg7 14.
Qg3 Nd4 15. Bg5 Bf6 16. Bxf6 Qxf6 17. Ba4 b5 18. Bb3 Nxb3 19. axb3 g5 20.
Nh3 Nf7 21. Ra7 Kc8 22. c3 h5 23. Ng1 f4 24. Qh3 g4 25. Ra6 Bxa6 26. Qxh5
Rxh5 27. h3 f3 28. gxf3 gxh3 29. Rxh3 Rxh3 30. Nxh3 Qxf3 31. Ng1 Qg2 32. Ne2
b4 33. Kd2 bxc3+ 34. bxc3 Qxf2 35. c4 Ng5 36. Kd1 Qf1+ 37. Kd2 Nf3+ 38. Ke3
Nd4 39. Nxd4 exd4+ 40. Kxd4 Qa1+ 41. Kc5 Qc3 42. b4 Qxd3 43. b5 Bxb5 44.
cxb5 Qf5+ 45. Kc4 Kb7 46. Kd4 Qxb5 47. Ke4 Qc4+ 48. Ke5 d5 49. Kf5 d4 50.
Ke4 d3+ 51. Ke3 Qc2 52. Ke4 d2+ 53. Ke5 d1=Q 54. Kf4 Qce2 55. Kf5 Qdf1+ 56.
Kg5 Qeg2+ 57. Kh5 Qfg1 58. Kh4 Q1h1# {White checkmated} 0-1